 Dungeon Crawl Stone Soup version 0.31.0-12-g77e489cdc1 (webtiles) character file.

Game seed: 1702795711990727622

7068 Silvore the Basher (level 10, -3/90 HPs)
             Began as a Minotaur Fighter on Feb 25, 2024.
             Was an Elder of Zin.
             Slain by a cyclops (14 damage)
             ... on level 9 of the Dungeon.
             The game lasted 00:13:26 (9790 turns).

Silvore the Basher (Minotaur Fighter)               Turns: 9790, Time: 00:13:26

Health: -3/90      AC: 17    Str: 27    XL:     10   Next: 83%
Magic:  7/9        EV:  8    Int:  6    God:    Zin [****..]
Gold:   888        SH:  5    Dex: 10    Spells: 9/9 levels left

rFire   . . .        r - +2 flail (venom)
rCold   . . .        c - +0 buckler
rNeg    . . .        f - +0 plate armour
rPois   ∞            (helmet restricted)
rElec   .            J - +0 cloak
rCorr   .            h - +0 pair of gloves
SInv    .            (no boots)
Will    .....        (no amulet) Stlth
                     i - ring of poison resistance
HPRegen 0.35/turn    m - ring of flight
MPRegen 0.11/turn

%: no passive effects
@: vitalised, flying
A: horns 2, retaliatory headbutt
a: Renounce Religion, Recite, Vitalisation, Imprison, Donate Gold


You were on level 9 of the Dungeon.
You worshipped Zin.
Zin was greatly pleased with you.
You visited 2 branches of the dungeon, and saw 10 of its levels.
You also visited: Sewer and Ossuary.

You collected 979 gold pieces.
You donated 91 gold pieces to Zin.

Inventory:

Hand Weapons
 a - a +1 flail
 r - a +2 flail of venom (weapon)
Armour
 b - a +0 scale mail
 c - a +0 buckler (worn)
 e - a scarf of invisibility
 f - a +0 plate armour (worn)
 h - a +0 pair of gloves (worn)
 J - a +0 cloak (worn)
Jewellery
 i - a ring of poison resistance (left hand)
 m - a ring of flight (right hand)
 x - a +6 ring of dexterity
 F - an amulet of the acrobat
Wands
 u - a wand of flame (34)
 B - a wand of charming (22)
 H - a wand of mindburst (10)
 K - a wand of quicksilver (1)
Scrolls
 g - 4 scrolls of fog
 p - 4 scrolls of poison
 s - 8 scrolls of teleportation
 t - 4 scrolls of blinking
 w - a scroll of immolation
 y - a scroll of vulnerability
 A - a scroll of enchant weapon
 D - 2 scrolls of amnesia
 I - a scroll of enchant armour {unknown}
 L - a scroll of identify
Potions
 d - a potion of lignification
 j - 4 potions of resistance
 k - 3 potions of attraction
 l - 4 potions of curing
 n - 3 potions of mutation
 o - 3 potions of magic
 v - 3 potions of degeneration
 z - a potion of berserk rage
 C - a potion of cancellation {unknown}
 E - a potion of invisibility {unknown}
 G - a potion of brilliance {unknown}


   Skills:
 + Level 8.9 Fighting
 + Level 13.3 Maces & Flails
 + Level 10.3 Armour
 + Level 2.7 Dodging
 + Level 1.3 Stealth
 + Level 8.0 Shields
 + Level 0.5 Invocations


You had 9 spell levels left.
You didn't know any spells.
Your spell library contained the following spells:

 Spells                   Type           Power      Damage    Failure   Level
 Magic Dart               Conj           0%         1d3       99%         1
 Searing Ray              Conj           0%         2d4       100%        2
 Fugue of the Fallen      Necr           0%         N/A       100%        3
 Ozocubu's Armour         Ice            0%         N/A       100%        3
 Fulminant Prism          Conj/Alch      0%         3d5       100%        4
 Manifold Assault         Tloc           0%         N/A       100%        4


Dungeon Overview and Level Annotations

Branches:
Dungeon (9/15)             Temple (1/1) D:7            Lair (0/5) D:9
  Sewer (visited)         Ossuary (visited)
    Orc: D:9-12

Altars:
Ashenzari
Cheibriados
Dithmenos
Elyvilon
Fedhas
Hepliaklqana
Makhleb
Nemelex Xobeh
Qazlal
Ru
Sif Muna
Trog
Vehumet
Wu Jian
Yredelemnul
Zin

Annotations:
D:8 2 transporters


Innate Abilities, Weirdness & Mutations

You have a pair of horns on your head.
You reflexively headbutt those who attack you in melee.


Message History

The wolf bites you but does no damage. You block the hound's attack.
You hit the hound.
You kill the hound!
The wolf closely misses you. The wolf bites you. The wolf bites you!
* * * LOW HITPOINT WARNING * * *
You block the cyclops's attack. The wolf bites you!
* * * LOW HITPOINT WARNING * * *
The wolf bites you but does no damage.
You see here a hound corpse.
You block the wolf's attack.
The wolf bites you but does no damage. x2
Zin grants you divine stamina. The wolf bites you but does no damage.
You block the wolf's attack.
You bludgeon the wolf!!
You kill the wolf!
The wolf bites you but does no damage.
You sock the wolf!
The wolf is poisoned.
The wolf is heavily wounded.
You block the hound's attack. The wolf bites you!
* * * LOW HITPOINT WARNING * * *
You sock the wolf!
The wolf looks as sick as possible!
Your headbutt misses the wolf.
The wolf is almost dead.
You kill the wolf!
The hound closely misses you. The hound bites you but does no damage.
You thump the hound!
You kill the hound!
You thump the cyclops!
The cyclops is poisoned.
The cyclops is moderately wounded.
You thump the cyclops!
The cyclops looks as sick as possible!
The cyclops is heavily wounded.
The cyclops hits you.
* * * LOW HITPOINT WARNING * * *
You hit the cyclops.
The cyclops looks as sick as possible!
Your headbutt misses the cyclops.
The cyclops is severely wounded.
You sock the cyclops!
The cyclops is almost dead.
The cyclops hits you!
You die...

#...........#
###....##...##.. .
##..........##
..#......#...##
#.....#..###.##
#......## ##.#
##.....# #.# .
#..###.## #######
.. #.
#†@####.....#... #
##C##h..........
#Th.....$.~....
#.........~....
##.#......~~~~.
###..#.~≈~~~.~≈≈~
#........~≈≈≈~≈≈≈
..........≈≈≈≈≈≈≈~
........~~≈≈.~.~.~


You could see a cyclops (extremely poisoned), a troll and a hound.

Vanquished Creatures
  A manticore (D:9)
  A troll (D:9)
  2 wyverns
  Sigmund (D:3)
  5 yaks (D:9)
  A shadow (D:6)
  4 steam dragons
  An orc warrior (D:9)
  A black bear (D:5)
  4 sky beasts
  3 wolves (D:9)
  2 ice beasts
  2 centaurs
  4 phantoms
  2 bullfrogs
  2 gnoll sergeants
  4 scorpions
  8 wights (D:8)
  13 killer bees
  3 electric eels
  A howler monkey (D:7)
  A crimson imp (D:4)
  5 bullfrog zombies (Ossuary)
  6 hounds
  4 jellies
  3 bombardier beetles (D:5)
  4 orc priests
  A gnoll bouda (D:7)
  4 iguanas
  An orc wizard (D:8)
  3 sleepcaps
  2 killer bee zombies (Ossuary)
  2 crocodile zombies (Ossuary)
  9 hound zombies (Ossuary)
  2 mummies (Ossuary)
  6 howler monkey zombies (Ossuary)
  11 gnolls
  12 adders
  2 river rats (Sewer)
  A shadow imp (D:8)
  A white imp (D:8)
  An ufetubus (D:7)
  4 ribbon worms
  4 dart slugs
  23 orcs
  4 bats
  23 endoplasms
  8 giant cockroaches
  A gnoll zombie (D:5)
  7 goblins
  5 hobgoblins
  3 jackals (D:1)
  6 quokkas
  13 ball pythons
  3 ball python zombies (Ossuary)
  6 frilled lizards
  A hobgoblin zombie (D:5)
  5 kobolds
  An orc zombie (D:5)
  10 rats
273 creatures vanquished.

Notes
Turn   | Place    | Note
-------+----------+-------------------------------------------
     0 | D:1      | Silvore the Minotaur Fighter began the quest for the Orb.
     0 | D:1      | Reached XP level 1. HP: 19/19 MP: 0/0
   258 | D:1      | Reached XP level 2. HP: 20/27 MP: 1/1
   557 | D:1      | Reached XP level 3. HP: 33/33 MP: 2/2
   897 | D:2      | Found a faded altar of an unknown god.
   983 | D:2      | Reached skill level 3 in Maces & Flails
  1061 | D:2      | Identified the +1 leather armour "Qealidd" {-Tele rC+
                  | Regen+}
  1182 | D:2      | Reached XP level 4. HP: 9/41 MP: 3/3
  1616 | D:2      | Identified a scroll of acquirement
  1616 | D:2      | Acquired 576 gold pieces
  1703 | D:3      | Found a white marble altar of Elyvilon.
  1709 | D:3      | Reached skill level 1 in Dodging
  1709 | D:3      | Reached XP level 5. HP: 40/47 MP: 4/4
  1727 | D:3      | Became a worshipper of Elyvilon the Healer
  1847 | D:3      | Found a glowing drain.
  1856 | D:3      | Reached skill level 4 in Maces & Flails
  1873 | Sewer    | Entered a sewer
  2050 | Sewer    | Reached skill level 5 in Maces & Flails
  2050 | Sewer    | Reached XP level 6. HP: 29/55 MP: 5/5
  2281 | Sewer    | Found a shimmering altar of Xom.
  2487 | D:3      | Noticed Sigmund
  2495 | D:3      | Killed Sigmund
  2496 | D:3      | Reached skill level 5 in Fighting
  2496 | D:3      | Reached skill level 6 in Maces & Flails
  2496 | D:3      | Reached skill level 5 in Armour
  2515 | D:3      | Reached * piety under Elyvilon
  2567 | D:3      | Found a hazy altar of Hepliaklqana.
  2838 | D:4      | Reached XP level 7. HP: 49/61 MP: 6/6
  3031 | D:4      | Found a burning altar of Makhleb.
  3032 | D:4      | Found a radiant altar of Vehumet.
  3085 | D:4      | Found a broken altar of Ashenzari.
  3153 | D:4      | Reached skill level 7 in Maces & Flails
  3667 | D:5      | Entered Level 5 of the Dungeon
  3720 | D:5      | Reached ** piety under Elyvilon
  3806 | D:5      | Reached skill level 5 in Shields
  3846 | D:5      | Reached XP level 8. HP: 65/69 MP: 7/7
  4028 | D:5      | Found a sand-covered staircase.
  4046 | Ossuary  | Entered an ossuary
  4090 | Ossuary  | Reached skill level 8 in Maces & Flails
  4220 | Ossuary  | Reached skill level 9 in Maces & Flails
  4553 | D:5      | Reached *** piety under Elyvilon
  5093 | D:6      | Reached XP level 9. HP: 74/75 MP: 8/8
  5175 | D:6      | Reached skill level 10 in Maces & Flails
  5531 | D:6      | Reached skill level 1 in Stealth
  5687 | D:6      | Found an ornate altar of the Wu Jian Council.
  6167 | D:6      | Reached skill level 11 in Maces & Flails
  6405 | D:7      | Reached **** piety under Elyvilon
  6813 | D:7      | Found a sparkling altar of Nemelex Xobeh.
  6908 | D:7      | Found a staircase to the Ecumenical Temple.
  6996 | Temple   | Entered the Ecumenical Temple
  7489 | D:8      | Reached skill level 12 in Maces & Flails
  7489 | D:8      | Reached XP level 10. HP: 57/86 MP: 9/9
  8483 | D:8      | Found a transporter.
  8492 | D:8      | Reached ***** piety under Elyvilon
  8564 | D:8      | Found a transporter.
  8751 | D:9      | Found a shimmering blue altar of Sif Muna.
  8857 | D:9      | Found a glowing silver altar of Zin.
  8942 | D:9      | Fell from the grace of Elyvilon
  8942 | D:9      | Became a worshipper of Zin the Law-Giver
  8942 | D:9      | Reached * piety under Zin
  8942 | D:9      | Reached ** piety under Zin
  8942 | D:9      | Reached *** piety under Zin
  8942 | D:9      | Reached **** piety under Zin
  9205 | D:9      | Noticed a manticore
  9219 | D:9      | Killed a manticore
  9588 | D:9      | Reached skill level 13 in Maces & Flails
  9600 | D:9      | Reached skill level 10 in Armour
  9746 | D:9      | Found a staircase to the Lair.
  9746 | D:9      | Noticed a cyclops
  9790 | D:9      | Slain by a cyclops

Illustrated notes

Levels and vault maps discovered:
D:1:      ncdulo_watergridlock, layout_basic
D:2:      layout_loops_ring, ebering_ecumenical_altar_abandoned,
          kennysheep_generic_room_10
D:3:      layout_basic, elyvilon_altar_4, mainiacjoe_overflow_small_starburst,
          gup_sewer_entry_glass, grunt_ministairs_13, st_stairs_13,
          nicolae_figureground_sparkle, uniq_sigmund
D:4:      minmay_door_path, layout_loops_ring,
          grunt_temple_overflow_lords_of_destruction,
          ashenzari_conservatory_becter
D:5:      layout_basic, enter_ossuary_3, roderic_roman_lattice
D:6:      layout_loops_ring, old_standard_altar, water_boxes_lemuel
D:7:      minmay_recursive_quarters, layout_loops_ring,
          mainiacjoe_overflow_six_doors_small, minmay_temple_entry_proselytizer
D:8:      cheibrodos_steamvent, layout_basic, nicolae_diode_stairs
D:9:      layout_layer_cave, mainiacjoe_overflow_paths, lemuel_doored_altar,
          erik_lair_island
Temple:   nicolae_temple_superstar

Skill      XL: |  1  2  3  4  5  6  7  8  9 10 |
---------------+-------------------------------+-----
Shields        | 4 5 6 7 8 |  8.0
Armour         | 4 5 6 7 8 10 | 10.3
Fighting       | 4 5 6 7 8 |  8.9
Maces & Flails | 3 5 6 7 9 12 13 | 13.3
Dodging        | 1 2 |  2.7
Stealth        | 1 |  1.3
Invocations    | |  0.5

Action                     |  1- 3 |  4- 6 |  7- 9 | 10-12 || total
---------------------------+-------+-------+-------+-------++-------
  Melee: Flail             |   108 |   130 |   444 |   170 ||   852
         Headbutt          |    10 |    25 |    81 |    23 ||   139
 Invoke: Recite            |       |       |       |     1 ||     1
         Vitalisation      |       |       |       |     1 ||     1
    Use: Scroll            |     3 |     6 |    11 |     1 ||    21
         Potion            |     1 |       |     2 |     4 ||     7
 Armour: Plate armour      |   100 |   116 |   381 |   207 ||   804
         Scale mail        |     8 |       |       |       ||     8
  Dodge: Dodged            |    56 |    43 |   152 |    85 ||   336
  Block: Buckler           |    23 |    34 |    88 |    54 ||   199
